 Dungeon Crawl Stone Soup version 0.22-a0-402-ga933591 (webtiles) character file.

159329 Firecrotchwizard the Warrior (level 17, -4/160 HPs)
             Began as a Minotaur Gladiator on May 6, 2018.
             Was the Champion of Okawaru.
             Slain by a merfolk impaler
             ... wielding a +3 demon trident of electrocution
              (11 damage)
             ... on level 4 of the Shoals.
             The game lasted 01:00:59 (27618 turns).

Firecrotchwizard the Warrior (Minotaur Gladiator)  Turns: 27618, Time: 01:01:00

Health: -4/160     AC: 29    Str: 21    XL:     17   Next: 16%
Magic:  0/32       EV: 17    Int:  7    God:    Okawaru [******]
Gold:   2021       SH:  0    Dex: 21    Spells: 16/16 levels left

rFire    . . .     SeeInvis .   N - +4 lajatang (vamp) {!w}
rCold    . . .     Gourm    .   (shield currently unavailable)
rNeg     . . .     Faith    .   M - +1 plate armour {MR+}
rPois    +         Spirit   +   a - +2 hat {MR+}
rElec    .         Reflect  .   J - +2 cloak
rCorr    .         Harm     .   I - +0 pair of gloves of Duty {rPois Int+2}
MR       +++..                  c - +2 pair of boots {Fly}
Stlth    ..........             o - amulet of guardian spirit {Spirit}
HPRegen  0.36/turn              V - +4 ring of dexterity
MPRegen  0.23/turn              K - ring of magical power {MP+9}

@: lethally poisoned (-4 -> -4), flying
A: retaliatory headbutt, horns 2
a: Heroism, Finesse, Renounce Religion, Stop Flying


You were on level 4 of the Shoals.
You worshipped Okawaru.
Okawaru was exalted by your worship.
You were not hungry.

You visited 4 branches of the dungeon, and saw 26 of its levels.
You also visited: Sewer and Ice Cave.

You collected 2667 gold pieces.
You spent 646 gold pieces at shops.

Inventory:

Hand Weapons
 y - a +4 quarterstaff of flaming
   (You bought it in a shop on level 7 of the Dungeon)
 N - a +4 vampiric lajatang (weapon) {!w}
   (You acquired it on level 3 of the Lair of Beasts)
 W - a +6 antimagic lajatang
   (Okawaru gifted it to you on level 5 of the Lair of Beasts)
Missiles
 d - 10 throwing nets {=f, !d}
 j - 3 tomahawks of dispersal {=f}
Armour
 a - a +2 hat of magic resistance (worn)
   (You took it off Gastronok on level 2 of the Lair of Beasts)
 c - a +2 pair of boots of flying (worn)
   (You found it on level 5 of the Lair of Beasts)
 p - the +1 pair of gloves of Beyk Loi {rF+ Int+3 SInv}
   (You bought it in a shop on level 2 of the Orcish Mines)

   It affects your intelligence (+3).
   It protects you from fire.
   It lets you see invisible.
 v - the +1 pair of boots of Ubon {rF+ MR+ Str-4 Int+3}
   (You found it in an ice cave)

   It affects your strength (-4).
   It affects your intelligence (+3).
   It protects you from fire.
   It affects your resistance to hostile enchantments.
 G - the +2 hat "Meenex" {*Drain Regen+ Int+3}
   (Okawaru gifted it to you on level 6 of the Lair of Beasts)

   It affects your intelligence (+3).
   It increases your rate of regeneration.
   It causes draining when unequipped.
 I - the +0 pair of gloves of Duty (worn) {rPois Int+2}
   (You found it on level 5 of the Lair of Beasts)

   It affects your intelligence (+2).
   It protects you from poison.
 J - a +2 cloak (worn)
   (You found it on level 5 of the Dungeon)
 L - the +5 ring mail of Purpose {*Contam Regen+ Dex+6 Slay+2}
   (Okawaru gifted it to you on level 2 of the Lair of Beasts)

   It affects your dexterity (+6).
   It affects your accuracy and damage with ranged weapons and melee attacks
   (+2).
   It causes magical contamination when unequipped.
   It increases your rate of regeneration.
 M - a +1 plate armour of magic resistance (worn)
   (You took it off an orc warrior on level 8 of the Dungeon)
Jewellery
 k - an uncursed ring of poison resistance {rPois, !d}
   (You found it on level 1 of the Dungeon)
 o - an amulet of guardian spirit (around neck) {Spirit}
   (You found it on level 10 of the Dungeon)
 K - a ring of magical power (right hand) {MP+9}
   (You found it on level 5 of the Dungeon)
 V - a +4 ring of dexterity (left hand)
   (You found it on level 4 of the Lair of Beasts)
Wands
 g - a wand of disintegration (8) {@e1}
   (You found it on level 3 of the Dungeon)
 r - a wand of iceblast (6)
   (You found it on level 6 of the Dungeon)
 C - a wand of clouds (1)
   (You found it on level 7 of the Dungeon)
 H - a wand of acid (9)
   (You found it on level 5 of the Dungeon)
 O - a wand of scattershot (4)
   (You found it on level 4 of the Lair of Beasts)
Scrolls
 h - 10 scrolls of teleportation
 m - 6 scrolls of fear
 s - 4 scrolls of remove curse
 x - 5 scrolls of blinking {!r}
 z - a scroll of enchant armour
 D - a scroll of holy word {!r}
 E - 2 scrolls of fog
 P - 4 scrolls of magic mapping {!r}
 U - a scroll of summoning
 X - a scroll of vulnerability {!r!r}
Potions
 e - 2 potions of haste
 i - a potion of experience {unknown}
 l - 8 potions of curing
 n - 2 potions of resistance
 q - 10 potions of lignification {!q}
 t - 4 potions of berserk rage {!q}
 A - 2 potions of heal wounds
 B - 2 potions of cancellation
 F - 4 potions of degeneration {@e1!q}
 Q - 3 potions of mutation {!q}
 T - a potion of agility {unknown}
 Z - a potion of might
Miscellaneous
 b - 2 boxes of beasts
 u - a sack of spiders
 w - a crystal ball of energy
   (You found it in an ice cave)
 S - a lightning rod (4/4)
   (You found it on level 13 of the Dungeon)
 Y - a phantom mirror
Comestibles
 f - 24 rations {@e1}
 R - 19 chunks of flesh {@w0}


   Skills:
 + Level 16.8 Fighting
 - Level 14.2 Staves
 - Level 7.0 Throwing
 + Level 16.6 Armour
 + Level 15.7 Dodging
 - Level 10.0 Invocations
 * Level 8.8 Evocations


You had 16 spell levels left.
You didn't know any spells.

Dungeon Overview and Level Annotations

Branches:
Dungeon (14/15)            Temple (0/1) D:6            Lair (6/6) D:10
 Shoals (4/4) Lair:4       Spider (0/4) Lair:4        Slime (0/5) Lair:5
    Orc (2/2) D:9             Elf (0/3) Orc:2        Vaults (0/5) D:14

Altars:
Elyvilon
Fedhas
Kikubaaqudgha
Makhleb
Okawaru
Ru
Trog
Vehumet
Xom
Zin
The Shining One
Beogh
Jiyva

Shops:
D:5 =   D:7 (   Orc:2 ([(**   Shoals:1 [

Annotations:
Lair:3 exclusion: 2 oklob plants


Innate Abilities, Weirdness & Mutations

You reflexively headbutt those who attack you in melee.
You have a pair of horns on your head.


Message History

Items here: ) ? [ † a trident of freezing; a glowing robe; a scroll of remove curse the merfolk corpse of Ilsuiw The snapping turtle bites you but does no damage.
Items here: ) ? [ † a trident of freezing; a glowing robe; a scroll of remove curse the merfolk corpse of Ilsuiw The snapping turtle misses you.
You furiously retaliate!
You headbutt the snapping turtle, but do no damage.
The snapping turtle completely misses you.
You furiously retaliate!
You headbutt the snapping turtle. The snapping turtle misses you.
The snapping turtle barely misses you.
You slash the snapping turtle!
You headbutt the snapping turtle, but do no damage.
The snapping turtle bites you but does no damage.
You hit the snapping turtle but do no damage.
The snapping turtle bites you!
You take 6 damage, and have 85/160 hp.
You now have 16/32 mp.
You hit the snapping turtle. You slice the snapping turtle!!
You feel better. The snapping turtle barely misses you.
You regained 8 hp, and now have 93/160 hp.
You slash the snapping turtle!
You kill the snapping turtle!
Okawaru accepts your kill.
You see here a snapping turtle corpse.
You butcher the snapping turtle corpse.
R - 21 chunks of flesh {@w0} (gained 2)
s - 4 scrolls of remove curse (gained 1)
Things that are here:
a trident of freezing; a glowing robe; the merfolk corpse of Ilsuiw You butcher the merfolk corpse of Ilsuiw.
R - 24 chunks of flesh {@w0} (gained 3)
Things that are here:
a trident of freezing; a glowing robe You start resting.
A merfolk impaler comes into view.
It is wielding a demon trident of electrocution.
You regained 4 hp, and now have 100/160 hp.
You regained 2 mp, and now have 21/32 mp.
You are too injured to fight recklessly!
You are too injured to fight recklessly!
You are too injured to fight recklessly!
The merfolk impaler shouts!
You hear a shout!
A merfolk comes into view. It is wielding a spear.
You see here a sea snake corpse.
A merfolk comes into view. It is wielding a glaive.
The merfolk shouts!
The merfolk impaler hits you but does no damage.
The merfolk impaler hits you from afar with a demon trident of electrocution.
The merfolk throws a tomahawk.
The tomahawk completely misses you.
The merfolk impaler hits you with a demon trident of electrocution!
The merfolk throws a poisoned tomahawk.
The poisoned tomahawk hits you but does no damage.
You see here a poisoned tomahawk.
You take 9 damage, and have 91/160 hp.
You now have 20/32 mp.
You barely miss the merfolk impaler.
You headbutt the merfolk impaler, but do no damage.
The merfolk throws a tomahawk.
The tomahawk barely misses you.
The merfolk impaler hits you but does no damage.
You hit the merfolk impaler.
The merfolk impaler hits you with a demon trident of electrocution!
You are electrocuted!
The merfolk throws a poisoned tomahawk.
The poisoned tomahawk hits you but does no damage.
You are poisoned.
The merfolk throws a tomahawk.
The tomahawk barely misses you.
Some of the chunks of flesh in your inventory have rotted away.
A faun comes into view. It is wielding a spear.
You closely miss the merfolk impaler.
You feel sick.
The faun shouts!
The merfolk impaler hits you but does no damage.
You are electrocuted!
The merfolk throws a poisoned tomahawk.
The poisoned tomahawk closely misses you.
The poisoned tomahawk hits the plant.
The plant is poisoned.
You miss the merfolk impaler.
You headbutt the merfolk impaler, but do no damage.
The merfolk throws a tomahawk.
The tomahawk hits you! The merfolk impaler barely misses you.
You take 38 damage, and have 53/160 hp.
MASSIVE DAMAGE!!
You now have 12/32 mp.
You hit the merfolk impaler.
You feel better.
Your headbutt misses the merfolk impaler.
You feel sick.
The merfolk impaler hits you with a demon trident of electrocution!!
* * * LOW HITPOINT WARNING * * *
You are electrocuted!
* * * LOW HITPOINT WARNING * * *
The merfolk throws a poisoned tomahawk.
The poisoned tomahawk hits you.
* * * LOW HITPOINT WARNING * * *
The merfolk throws a tomahawk.
The tomahawk hits you!
* * * LOW HITPOINT WARNING * * *
You miss the merfolk impaler.
Your headbutt misses the merfolk impaler.
The merfolk impaler hits you with a demon trident of electrocution!
* * * LOW HITPOINT WARNING * * *
You are electrocuted!
You die...

≈.......≈(≈)≈)≈≈≈≈≈≈≈≈≈.
≈...#....(....÷÷........
...#.#(.(.......÷.......
..#..)#(..(.............
..)#.#)).....(P.≈≈≈≈%.≈.
....#......PP.(≈≈≈≈≈..≈.
≈.)........PP..≈......<.
≈≈..(..).....P(..m......
≈≈≈≈≈.......P...@..(....
≈≈≈≈≈...............mc..
≈≈≈<≈.........†).....m..
≈≈≈≈≈...................
≈≈≈≈≈≈≈...PP).(.........
≈≈≈≈≈≈≈≈PP..P...........
≈≈≈≈≈≈≈≈≈PPP.(..........
≈≈≈≈≈≈≈≈≈P..)≈..........
≈≈≈≈≈≈≈≈...............


You could see a merfolk impaler, 2 merfolk and a faun.

Vanquished Creatures
  Jorgrun (Shoals:3)
  Gastronok (Lair:2)
  Ilsuiw (Shoals:4)
  An orc warlord (Orc:2)
  The ghost of Vinniefish the Thaumaturge, a journeyman GnWr of Hepliaklqana (D:14)
  2 entropy weavers (Lair:4)
  The ghost of sparklingmilk the Severer, a journeyman MiFi of the Shining One (Lair:5)
  5 dire elephants (Lair:6)
  2 merfolk javelineers (Shoals:4)
  6 merfolk impalers
  2 blizzard demons (IceCv)
  Josephine (Orc:1)
  A rakshasa (D:14)
  4 vault guards (D:14)
  4 hydras
  6 merfolk aquamancers
  3 merfolk avatars
  6 two-headed ogres
  An anaconda (Lair:6)
  2 satyrs (Shoals:4)
  4 tengu warriors
  A death knight (D:14)
  A centaur warrior (D:13)
  A queen ant (Lair:4)
  An orc high priest (Orc:2)
  The ghost of garrulousMonolith the Destroyer, a novice DrCj of Vehumet (D:8)
  A skeletal warrior (D:14)
  15 sea snakes
  An unseen horror (D:13)
  The ghost of dracfodder the Spear-Bearer, a novice MiFi of Okawaru (D:7)
  4 lindwurms (Lair:5)
  16 harpies
  2 deep elf magi
  2 phantasmal warriors (D:14)
  3 orc knights
  9 ugly things
  14 manticores
  An orc sorcerer (Orc:2)
  9 fauns
  5 cyclopes
  21 elephants
  5 merfolk sirens
  2 moths of wrath (Lair:6)
  3 black mambas
  An ice statue (IceCv)
  An orange demon (Shoals:2)
  3 torpor snails (Lair:6)
  3 water nymphs
  3 gargoyles (D:14)
  4 centaur skeletons
  9 spiny frogs
  5 rime drakes
  An efreet (D:14)
  9 komodo dragons
  3 freezing wraiths (IceCv)
  2 kobold demonologists (D:14)
  A tengu conjurer (D:13)
  A golden dragon simulacrum (IceCv)
  5 anaconda simulacra (IceCv)
  A red devil (Shoals:2)
  2 polar bears
  6 ice devils (IceCv)
  4 trolls
  10 tyrant leeches (Lair:6)
  24 merfolk
  12 wind drakes
  12 hippogriffs
  5 slime creatures (D:13)
  26 blink frogs
  6 snapping turtles
  4 dream sheep (Shoals:1)
  7 air elementals (D:14)
  A redback (Lair:4)
  5 centaur simulacra
  10 wyverns
  7 basilisks
  8 water elementals
  14 yaks
  6 wraiths
  3 dire elephant simulacra (IceCv)
  A human (D:9)
  Eustachio (D:6)
  3 hungry ghosts
  2 harpy simulacra (IceCv)
  An iron troll simulacrum (IceCv)
  3 vampire mosquitoes (D:14)
  4 wargs
  22 soldier ants (Lair:4)
  4 swamp worms (Lair:6)
  16 insubstantial wisps (D:14)
  Duvessa (D:5)
  2 hydra simulacra (IceCv)
  12 porcupines
  12 water moccasins
  A hornet zombie (D:12)
  2 black bears
  39 orc warriors
  5 ice beasts
  An ettin simulacrum (IceCv)
  A necrophage (D:11)
  3 sky beasts
  An alligator simulacrum (IceCv)
  4 phantoms
  10 ogres
  3 wolves (Lair:1)
  5 centaurs
  9 crocodiles
  4 big kobolds
  22 bullfrogs
  Dowan (D:5)
  A wyvern skeleton (D:8)
  A water moccasin skeleton (D:9)
  3 killer bees (D:9)
  8 howler monkeys
  9 wights
  5 electric eels
  6 crimson imps
  A bullfrog zombie (D:12)
  4 centaur zombies
  A lava snake (Lair:6)
  A quasit (D:10)
  A draconian simulacrum (IceCv)
  A bullfrog skeleton (D:8)
  10 hounds
  16 orc priests
  4 jellies
  28 orc wizards
  A gnoll shaman (D:4)
  An iguana (D:2)
  Terence (D:2)
  A polar bear simulacrum (IceCv)
  8 troll simulacra (IceCv)
  27 worker ants
  A spriggan simulacrum (IceCv)
  2 wolf simulacra (IceCv)
  A hound skeleton (D:9)
  2 worker ant zombies
  7 gnolls
  A howler monkey skeleton (D:11)
  13 adders
  2 naga simulacra (IceCv)
  An ogre simulacrum (IceCv)
  A river rat (Sewer)
  A shadow imp (D:10)
  2 white imps (IceCv)
  3 ufetubi (IceCv)
  An ooze (D:4)
  An adder zombie (D:5)
  An adder skeleton (D:4)
  A worm (D:3)
  2 ball lightnings (D:14)
  A dart slug (D:2)
  9 leopard geckos
  85 orcs
  8 bats
  16 giant cockroaches
  9 hobgoblins
  9 jackals
  4 quokkas
  7 ball pythons
  9 frilled lizards
  19 goblins
  25 kobolds
  15 rats
  2 plants (Lair:6)
993 creatures vanquished.

Vanquished Creatures (others)
  Fannar (Orc:1)
  2 wind drakes (D:14)
  A human (D:10)
  15 ball lightnings (D:14)
  2 fungi (Lair:3)
  44 plants
65 creatures vanquished.

Grand Total: 1058 creatures vanquished

Notes
Turn   | Place    | Note
-------+----------+-------------------------------------------
     0 | D:1      | Firecrotchwizard the Minotaur Gladiator began the quest for the Orb.
     0 | D:1      | Reached XP level 1. HP: 18/18 MP: 0/0
   313 | D:1      | Reached XP level 2. HP: 25/25 MP: 1/1
   398 | D:1      | Reached skill level 4 in Staves
   427 | D:1      | Reached skill level 1 in Armour
   740 | D:2      | Reached XP level 3. HP: 30/30 MP: 2/2
   748 | D:2      | Reached skill level 3 in Fighting
   755 | D:2      | Reached XP level 4. HP: 32/38 MP: 3/3
   812 | D:2      | Reached skill level 2 in Armour
   877 | D:2      | Noticed Terence
   884 | D:2      | Killed Terence
   884 | D:2      | Reached skill level 5 in Staves
   884 | D:2      | Reached skill level 4 in Dodging
  1016 | D:2      | Reached XP level 5. HP: 45/45 MP: 4/4
  1151 | D:2      | Found a bloodstained altar of Trog.
  2055 | D:4      | Found a glowing drain.
  2057 | D:4      | Reached skill level 3 in Armour
  2064 | D:4      | Reached XP level 6. HP: 50/52 MP: 5/5
  2080 | Sewer    | Entered a sewer
  2086 | Sewer    | Reached skill level 4 in Fighting
  2419 | D:4      | Reached skill level 6 in Staves
  2539 | D:4      | Found an iron altar of Okawaru.
  2565 | D:4      | Became a worshipper of Warmaster Okawaru
  2639 | D:4      | Reached XP level 7. HP: 59/60 MP: 6/6
  2660 | D:4      | HP: 11/60 [ogre/giant club (18)]
  2661 | D:4      | Reached skill level 4 in Armour
  2661 | D:4      | Reached skill level 5 in Dodging
  2948 | D:4      | Reached skill level 7 in Staves
  3014 | D:4      | Found a burning altar of Makhleb.
  3018 | D:4      | Found a radiant altar of Vehumet.
  3019 | D:4      | Found an ancient bone altar of Kikubaaqudgha.
  3147 | D:4      | Reached skill level 5 in Fighting
  3233 | D:4      | Reached * piety under Okawaru
  3361 | D:5      | Entered Level 5 of the Dungeon
  3388 | D:5      | Noticed Duvessa
  3388 | D:5      | Noticed Dowan
  3400 | D:5      | Killed Duvessa
  3400 | D:5      | Reached XP level 8. HP: 61/69 MP: 7/7
  3408 | D:5      | Killed Dowan
  3408 | D:5      | Reached skill level 8 in Staves
  3576 | D:5      | Reached skill level 5 in Armour
  3759 | D:5      | Found a blossoming altar of Fedhas.
  3785 | D:5      | Found a glowing silver altar of Zin.
  3914 | D:5      | Found Mympon's Jewellery Shop.
  4144 | D:6      | Reached skill level 6 in Fighting
  4144 | D:6      | Reached skill level 6 in Dodging
  4241 | D:6      | Reached ** piety under Okawaru
  4328 | D:6      | Reached skill level 9 in Staves
  4529 | D:6      | Noticed Eustachio
  4546 | D:6      | Killed Eustachio
  4546 | D:6      | Reached skill level 6 in Armour
  4804 | D:6      | Reached XP level 9. HP: 78/78 MP: 8/8
  4888 | D:6      | Found a staircase to the Ecumenical Temple.
  5802 | D:6      | Reached skill level 10 in Staves
  5815 | D:6      | Reached skill level 7 in Fighting
  6104 | D:7      | Noticed dracfodder's ghost (novice MiFi)
  6118 | D:7      | Killed dracfodder's ghost
  6118 | D:7      | Reached *** piety under Okawaru
  6118 | D:7      | Reached skill level 7 in Armour
  6118 | D:7      | Reached skill level 7 in Dodging
  6240 | D:7      | Found a white marble altar of Elyvilon.
  6302 | D:7      | Found Ritwox's Weapon Emporium.
  6308 | D:7      | Bought a +3 quarterstaff for 273 gold pieces
  6672 | D:8      | Reached skill level 11 in Staves
  6823 | D:8      | Noticed garrulousMonolith's ghost (novice DrCj)
  6846 | D:8      | HP: 18/81 [garrulousMonolith's ghost/magic dart (6)]
  6855 | D:8      | Killed garrulousMonolith's ghost
  6855 | D:8      | Reached **** piety under Okawaru
  6855 | D:8      | Reached skill level 8 in Fighting
  6855 | D:8      | Reached XP level 10. HP: 19/88 MP: 9/9
  6857 | D:8      | HP: 9/88 [wyvern skeleton (11)]
  7329 | D:8      | Reached skill level 8 in Dodging
  7447 | D:8      | Found a sacrificial altar of Ru.
  7557 | D:8      | Reached skill level 8 in Armour
  7624 | D:8      | Found a shimmering altar of Xom.
  8251 | D:9      | Noticed a two-headed ogre
  8260 | D:9      | Killed a two-headed ogre
  8260 | D:9      | Reached ***** piety under Okawaru
  8260 | D:9      | Reached skill level 12 in Staves
  8374 | D:9      | Found a staircase to the Orcish Mines.
  8417 | D:9      | Reached skill level 9 in Fighting
  8662 | D:10     | Entered Level 10 of the Dungeon
  8922 | D:10     | Found an ancient bone altar of Kikubaaqudgha.
  9175 | D:10     | Reached skill level 9 in Armour
  9276 | D:10     | Found a staircase to the Lair.
  9372 | Lair:1   | Entered Level 1 of the Lair of Beasts
  9399 | Lair:1   | Received a gift from Okawaru
  9411 | Lair:1   | Noticed a spiny frog
  9415 | Lair:1   | Killed a spiny frog
  9415 | Lair:1   | Reached skill level 9 in Dodging
  9419 | Lair:1   | Reached XP level 11. HP: 74/97 MP: 10/10
  9428 | Lair:1   | Reached skill level 13 in Staves
  9468 | Lair:1   | Noticed a five-headed hydra
  9473 | Lair:1   | Killed a five-headed hydra
  9662 | Lair:1   | Received a gift from Okawaru
  9903 | Lair:1   | Found a glowing golden altar of the Shining One.
 10114 | Lair:1   | Reached skill level 10 in Fighting
 10422 | Lair:2   | Noticed a four-headed hydra
 10428 | Lair:2   | Killed a four-headed hydra
 10570 | Lair:2   | Noticed Gastronok
 10610 | Lair:2   | Killed Gastronok
 10610 | Lair:2   | Reached skill level 14 in Staves
 10610 | Lair:2   | Reached skill level 10 in Armour
 10610 | Lair:2   | Reached skill level 10 in Dodging
 10811 | Lair:2   | Reached ****** piety under Okawaru
 10976 | Lair:2   | Received a gift from Okawaru
 10977 | Lair:2   | Got an encrusted ring mail {god gift}
 10989 | Lair:2   | Reached XP level 12. HP: 86/108 MP: 11/11
 11000 | Lair:2   | Identified the +5 ring mail of Purpose {*Contam Regen+ Dex+6 Slay+2} (Okawaru gifted it to you on level 2 of the Lair of Beasts)
 11149 | Lair:2   | Reached skill level 11 in Fighting
 11625 | Lair:3   | Reached skill level 11 in Armour
 11649 | Lair:3   | Reached skill level 1 in Invocations
 11663 | Lair:3   | Reached skill level 2 in Invocations
 11770 | Lair:3   | Reached skill level 3 in Invocations
 11889 | Lair:3   | Reached skill level 11 in Dodging
 11998 | Lair:3   | Identified a scroll of acquirement
 12029 | Lair:3   | Reached skill level 4 in Invocations
 12135 | Lair:3   | Reached skill level 5 in Invocations
 12141 | Lair:3   | Reached skill level 12 in Fighting
 12232 | Lair:3   | Received a gift from Okawaru
 12710 | Lair:4   | Found a staircase to the Shoals.
 12760 | Lair:4   | Noticed an entropy weaver
 12762 | Lair:4   | Noticed an entropy weaver
 12767 | Lair:4   | Killed an entropy weaver
 12767 | Lair:4   | Reached skill level 12 in Armour
 12767 | Lair:4   | Reached skill level 6 in Invocations
 12767 | Lair:4   | Reached XP level 13. HP: 118/118 MP: 14/16
 12800 | Lair:4   | Killed an entropy weaver
 13050 | Lair:4   | Reached skill level 7 in Invocations
 13395 | Lair:4   | Found a hole to the Spider Nest.
 13990 | Lair:5   | Found a viscous altar of Jiyva.
 13990 | Lair:5   | Found a staircase to the Slime Pits.
 14010 | Lair:5   | Reached skill level 12 in Dodging
 14103 | Lair:5   | Noticed sparklingmilk's ghost (journeyman MiFi)
 14122 | Lair:5   | Killed sparklingmilk's ghost
 14122 | Lair:5   | Received a gift from Okawaru
 14122 | Lair:5   | Reached skill level 8 in Invocations
 14330 | Lair:5   | Got a pair of faintly humming gloves
 14354 | Lair:5   | Identified the +0 pair of gloves of Duty {rPois Int+2} (You found it on level 5 of the Lair of Beasts)
 14833 | Lair:6   | Entered Level 6 of the Lair of Beasts
 14836 | Lair:6   | Reached skill level 13 in Fighting
 15129 | Lair:6   | Reached skill level 9 in Invocations
 15135 | Lair:6   | Reached skill level 13 in Armour
 15154 | Lair:6   | Received a gift from Okawaru
 15155 | Lair:6   | Got a spiked hat {god gift}
 15281 | Lair:6   | Identified the +2 hat "Meenex" {*Drain Regen+ Int+3} (Okawaru gifted it to you on level 6 of the Lair of Beasts)
 15405 | Lair:6   | Reached XP level 14. HP: 129/129 MP: 20/20
 15978 | Lair:6   | Got an ichor-stained rapier
 16091 | Lair:6   | Reached skill level 10 in Invocations
 16541 | D:11     | Found a blossoming altar of Fedhas.
 16846 | D:12     | Received a gift from Okawaru
 16846 | D:12     | Reached skill level 3 in Throwing
 16846 | D:12     | Reached skill level 13 in Dodging
 17402 | D:13     | Reached skill level 14 in Fighting
 17474 | D:13     | Reached skill level 4 in Throwing
 17632 | D:13     | Reached skill level 14 in Armour
 17780 | D:14     | Got a jewelled chain mail
 17826 | D:14     | Received a gift from Okawaru
 17826 | D:14     | Reached skill level 5 in Throwing
 17912 | D:14     | Reached XP level 15. HP: 139/139 MP: 19/21
 17919 | D:14     | Noticed Vinniefish's ghost (journeyman GnWr)
 17962 | D:14     | Killed Vinniefish's ghost
 18155 | D:14     | Reached skill level 6 in Throwing
 18340 | D:14     | Reached skill level 14 in Dodging
 18375 | D:14     | Found the +5 scythe "Finisher" {speed, Str+3}
 18558 | D:14     | Reached skill level 15 in Fighting
 18594 | D:14     | Found a gate to the Vaults.
 18647 | D:14     | Received a gift from Okawaru
 18662 | D:14     | Reached skill level 15 in Armour
 18901 | D:14     | Reached skill level 7 in Throwing
 19447 | Orc:1    | Entered Level 1 of the Orcish Mines
 19497 | Orc:1    | Reached skill level 1 in Evocations
 19597 | Orc:1    | Noticed Fannar
 19615 | Orc:1    | Killed Fannar
 19812 | Orc:1    | Noticed Josephine
 19819 | Orc:1    | Killed Josephine
 19825 | Orc:1    | Reached skill level 2 in Evocations
 20068 | Orc:2    | Entered Level 2 of the Orcish Mines
 20257 | Orc:2    | Found a roughly hewn altar of Beogh.
 20284 | Orc:2    | Found a roughly hewn altar of Beogh.
 20285 | Orc:2    | Found Kuzeeqem's General Store.
 20310 | Orc:2    | Bought a potion of mutation for 136 gold pieces
 20370 | Orc:2    | Found a staircase to the Elven Halls.
 20978 | Orc:2    | Found Sen Qoo's Assorted Antiques.
 21032 | Orc:2    | Noticed an orc warlord
 21073 | Orc:2    | Killed an orc warlord
 21073 | Orc:2    | Reached skill level 3 in Evocations
 21156 | Orc:2    | Found Myugg's Antique Weapon Boutique.
 21163 | Orc:2    | Found a roughly hewn altar of Beogh.
 21182 | Orc:2    | Found Ijiomyd's Antique Armour Shop.
 21197 | Orc:2    | Bought a pair of translucent gloves for 237 gold pieces
 21200 | Orc:2    | Identified the +3 chain mail "Diyruc" {+Blink} (You found it on level 14 of the Dungeon)
 21201 | Orc:2    | Identified the +1 pair of gloves of Beyk Loi {rF+ Int+3 SInv} (You bought it in a shop on level 2 of the Orcish Mines)
 21342 | Orc:2    | Found a roughly hewn altar of Beogh.
 21362 | Orc:2    | Found Voyv's Weapon Shoppe.
 21548 | Shoals:1 | Entered Level 1 of the Shoals
 21664 | Shoals:1 | Received a gift from Okawaru
 21692 | Shoals:1 | Got a translucent quarterstaff {god gift}
 21693 | Shoals:1 | Identified the +8 quarterstaff of Corruption {crush, Str+4} (Okawaru gifted it to you on level 1 of the Shoals)
 21767 | Shoals:1 | Reached skill level 4 in Evocations
 21861 | Shoals:1 | Reached XP level 16. HP: 150/150 MP: 22/22
 22026 | Shoals:1 | Found Ciagrodukk's Armour Boutique.
 22408 | Shoals:2 | Reached skill level 5 in Evocations
 22458 | Shoals:2 | Received a gift from Okawaru
 22568 | Shoals:2 | Reached skill level 16 in Fighting
 22659 | Shoals:2 | Reached skill level 15 in Dodging
 22734 | Shoals:2 | Reached skill level 6 in Evocations
 23328 | Shoals:3 | Received a gift from Okawaru
 23584 | Shoals:3 | Reached skill level 16 in Armour
 23591 | Shoals:2 | HP: 36/151 [drowned by a water elemental (11)]
 24113 | Shoals:3 | HP: 36/151 [merfolk impaler/trident of piercing (2)]
 24121 | Shoals:3 | HP: 20/151 [merfolk impaler/trident of piercing (1)]
 24524 | Shoals:3 | Reached skill level 7 in Evocations
 24526 | Shoals:3 | Noticed Jorgrun
 24721 | Shoals:3 | Killed Jorgrun
 25065 | Shoals:4 | Entered Level 4 of the Shoals
 25065 | Shoals:4 | Found a frozen archway.
 25103 | IceCv    | Entered an ice cave
 26314 | IceCv    | HP: 38/152 [blizzard demon/bolt of lightning (7)]
 26318 | IceCv    | Received a gift from Okawaru
 26320 | IceCv    | HP: 27/152 [something (8)]
 26490 | IceCv    | HP: 35/152 [golden dragon simulacrum (37)]
 26964 | IceCv    | Identified the +1 pair of boots of Ubon {rF+ MR+ Str-4 Int+3} (You found it in an ice cave)
 27136 | Shoals:4 | Reached skill level 8 in Evocations
 27269 | Shoals:4 | Reached XP level 17. HP: 107/160 MP: 17/23
 27527 | Shoals:4 | Noticed Ilsuiw
 27543 | Shoals:4 | Received a gift from Okawaru
 27579 | Shoals:4 | Killed Ilsuiw
 27617 | Shoals:4 | HP: 40/160 [merfolk impaler/demon trident of electrocution (16)]
 27617 | Shoals:4 | HP: 17/160 [merfolk/tomahawk (8)]
 27618 | Shoals:4 | HP: 7/160 [merfolk impaler/demon trident of electrocution (10)]
 27618 | Shoals:4 | Slain by a merfolk impaler

Vault maps used:
D:1:      tarquinn_simple_flora_water_d, serial_park_tiny_pond,
          corexii_leaking_fountain
D:2:      lightli_temple_of_fire, first_ration, minmay_hexomino_c4, uniq_terence
D:3:      minmay_roachtagon
D:4:      minitemple, okawaru_gym_becter, portal_sewer_entry_f,
          cheibrodos_gnoll_hut
D:5:      zin_statuary, serial_shops, nicolae_shop_window_shopping,
          fedhas_bush_and_centaur_altar, uniq_duvessa
D:6:      minmay_temple_entry_hall, minmay_ogre_servants, uniq_eustachio
D:7:      elyvilon_altar_5, serial_shops, shop
D:8:      kennysheep_mini, old_standard_altar
D:9:      orc_0_dummy, hangedman_decor_riveting, grunt_pizzeria
D:10:     due_lair_maze_entry_diamond, tgw_kikubaaqudgha
D:11:     basic_altar
D:14:     lightli_vaults_fourway_checkpoint, minmay_misc_feat_ornament,
          special_room, nrook_pool_corridor, spider_trap,
          hangedman_abyss_or_decor_clamps, aerie_lemuel
Lair:1:   basic_altar, grunt_megastairs_2
Lair:2:   uniq_gastronok
Lair:3:   minmay_lair_oklob_chamber, infiniplex_staircase_pool_2,
          grunt_megastairs_4, serial_bayou_shore_b, serial_bayou_shore_b,
          serial_bayou_shore_a
Lair:4:   elwin_shoals_entry_rocks, spider_nest_entry_rubble, zaba_anthell
Lair:5:   dpeg_slime_entry_enclosed_altar, minmay_lindwurm_lava,
          lemuel_fruit_tree
Lair:6:   due_jungle_book, worms_lemuel
Shoals:1: cheibrodos_shoals_three_sisters, serial_shops, shop
Shoals:3: nicolae_shoals_so_close, uniq_jorgrun
Shoals:4: shoals_end_grunt_garden, shoal_ilsuiw, portal_ice_cave_entry_pillars_2
Orc:1:    uniq_fannar, uniq_josephine
Orc:2:    grunt_orc_community_town_hall, grunt_orc_community_big_house_2,
          grunt_orc_community_big_house_1, grunt_orc_community_house_1,
          grunt_orc_community_house_1, grunt_orc_community_house_1,
          grunt_orc_community_house_2, serial_shops, shop
Sewer:    sewer_co_cracked_pipes
IceCv:    ice_cave_caverns_03

Skill      XL: |  1  2  3  4  5  6  7  8  9 10 11 12 13 14 15 16 |
---------------+-------------------------------------------------+-----
Staves         | 4 5 6 7 9 11 12 14 | 14.2
Armour         | 1 2 3 4 6 7 9 10 12 13 14 15 16 | 16.6
Fighting       | 3 4 5 6 8 9 10 12 13 14 15 16 | 16.8
Dodging        | 4 5 6 7 9 10 11 12 13 14 15 | 15.7
Invocations    | 6 9 10 | 10.0
Throwing       | 5 7 |  7.0
Evocations     | 4 8 |  8.8

Action                   |  1- 3 |  4- 6 |  7- 9 | 10-12 | 13-15 | 16-18 || total
-------------------------+-------+-------+-------+-------+-------+-------++-------
Melee: Quarterstaff      |    58 |   215 |   259 |   430 |     4 |       ||   966
       Headbutt          |     5 |    23 |    55 |   117 |   467 |   231 ||   898
       Lajatang          |       |       |       |    94 |  1428 |   801 ||  2323
Throw: Javelin           |       |     8 |    80 |    71 |    26 |       ||   185
Invok: Heroism           |       |       |     1 |       |     3 |     1 ||     5
       Finesse           |       |       |       |       |       |     1 ||     1
 Abil: Stop Flying       |       |       |       |       |     1 |       ||     1
       Evoke Flight      |       |       |       |       |     1 |       ||     1
Evoke: Wand              |       |       |       |     2 |     2 |     2 ||     6
  Use: Scroll            |       |     1 |    11 |     6 |    29 |     6 ||    53
       Potion            |       |       |       |       |       |     4 ||     4
 Stab: Sleeping          |       |       |       |       |     1 |       ||     1
       Distracted        |       |       |       |       |     3 |       ||     3
       Confused          |       |       |       |       |     1 |       ||     1
  Eat: Chunk             |       |     6 |    10 |    18 |    23 |     8 ||    65
       Ration            |       |       |     1 |     2 |     9 |     3 ||    15
Armor: Leather armour    |     6 |       |       |       |       |       ||     6
       Scale mail        |     7 |    45 |       |       |       |       ||    52
       Chain mail        |       |    48 |   109 |    34 |       |       ||   191
       Plate armour      |       |       |       |    94 |   170 |   443 ||   707
       Ring mail         |       |       |       |    50 |   258 |       ||   308
Dodge: Dodged            |    33 |   122 |   108 |   272 |  1191 |   589 ||  2315

Table legend:
 A = Spawn XP
 B = Non-spawn XP
 C = Spawn XP percentage of total XP
 D = Spawn monster count
 E = Non-spawn monster count
 F = Spawn count percentage of total count
 G = Total turns spent on level
                    A         B        C        D         E        F      G
               +---------+---------+-------+---------+---------+-------+---------
         Total |       0 |  227614 |   0.0 |       0 |     992 |   0.0 | 27618
               +---------+---------+-------+---------+---------+-------+---------
           D:1 |       0 |      38 |   0.0 |       0 |      23 |   0.0 |   722
           D:2 |       0 |     180 |   0.0 |       0 |      35 |   0.0 |   491
           D:3 |       0 |     158 |   0.0 |       0 |      33 |   0.0 |   840
           D:4 |       0 |     858 |   0.0 |       0 |      25 |   0.0 |   977
           D:5 |       0 |     619 |   0.0 |       0 |      15 |   0.0 |   776
           D:6 |       0 |    1544 |   0.0 |       0 |      31 |   0.0 |  1769
           D:7 |       0 |    1247 |   0.0 |       0 |       9 |   0.0 |   740
           D:8 |       0 |    2124 |   0.0 |       0 |      27 |   0.0 |  1177
           D:9 |       0 |    2017 |   0.0 |       0 |      22 |   0.0 |   910
          D:10 |       0 |    1650 |   0.0 |       0 |      19 |   0.0 |   760
          D:11 |       0 |    2813 |   0.0 |       0 |      24 |   0.0 |   464
          D:12 |       0 |    4555 |   0.0 |       0 |      18 |   0.0 |   438
          D:13 |       0 |    8038 |   0.0 |       0 |      37 |   0.0 |   549
          D:14 |       0 |   40724 |   0.0 |       0 |     124 |   0.0 |  1639
        Lair:1 |       0 |    5317 |   0.0 |       0 |      21 |   0.0 |   988
        Lair:2 |       0 |    9746 |   0.0 |       0 |      29 |   0.0 |  1409
        Lair:3 |       0 |   10994 |   0.0 |       0 |      38 |   0.0 |  1003
        Lair:4 |       0 |   10440 |   0.0 |       0 |      61 |   0.0 |  1174
        Lair:5 |       0 |    8406 |   0.0 |       0 |      21 |   0.0 |  1048
        Lair:6 |       0 |   19048 |   0.0 |       0 |      47 |   0.0 |  1360
      Shoals:1 |       0 |   13979 |   0.0 |       0 |      26 |   0.0 |   832
      Shoals:2 |       0 |   20493 |   0.0 |       0 |      40 |   0.0 |  1391
      Shoals:3 |       0 |   14265 |   0.0 |       0 |      26 |   0.0 |  1294
      Shoals:4 |       0 |   23162 |   0.0 |       0 |      38 |   0.0 |   526
         Orc:1 |       0 |    5245 |   0.0 |       0 |      34 |   0.0 |   635
         Orc:2 |       0 |    9858 |   0.0 |       0 |      97 |   0.0 |  1348
         Sewer |       0 |      46 |   0.0 |       0 |      20 |   0.0 |   331
         IceCv |       0 |   10050 |   0.0 |       0 |      52 |   0.0 |  2027
               +---------+---------+-------+---------+---------+-------+---------

Vault maps used:
D:1:      tarquinn_simple_flora_water_d, serial_park_tiny_pond,
          corexii_leaking_fountain
D:2:      lightli_temple_of_fire, first_ration, minmay_hexomino_c4, uniq_terence
D:3:      minmay_roachtagon
D:4:      minitemple, okawaru_gym_becter, portal_sewer_entry_f,
          cheibrodos_gnoll_hut
D:5:      zin_statuary, serial_shops, nicolae_shop_window_shopping,
          fedhas_bush_and_centaur_altar, uniq_duvessa
D:6:      minmay_temple_entry_hall, minmay_ogre_servants, uniq_eustachio
D:7:      elyvilon_altar_5, serial_shops, shop
D:8:      kennysheep_mini, old_standard_altar
D:9:      orc_0_dummy, hangedman_decor_riveting, grunt_pizzeria
D:10:     due_lair_maze_entry_diamond, tgw_kikubaaqudgha
D:11:     basic_altar
D:14:     lightli_vaults_fourway_checkpoint, minmay_misc_feat_ornament,
          special_room, nrook_pool_corridor, spider_trap,
          hangedman_abyss_or_decor_clamps, aerie_lemuel
Lair:1:   basic_altar, grunt_megastairs_2
Lair:2:   uniq_gastronok
Lair:3:   minmay_lair_oklob_chamber, infiniplex_staircase_pool_2,
          grunt_megastairs_4, serial_bayou_shore_b, serial_bayou_shore_b,
          serial_bayou_shore_a
Lair:4:   elwin_shoals_entry_rocks, spider_nest_entry_rubble, zaba_anthell
Lair:5:   dpeg_slime_entry_enclosed_altar, minmay_lindwurm_lava,
          lemuel_fruit_tree
Lair:6:   due_jungle_book, worms_lemuel
Shoals:1: cheibrodos_shoals_three_sisters, serial_shops, shop
Shoals:3: nicolae_shoals_so_close, uniq_jorgrun
Shoals:4: shoals_end_grunt_garden, shoal_ilsuiw, portal_ice_cave_entry_pillars_2
Orc:1:    uniq_fannar, uniq_josephine
Orc:2:    grunt_orc_community_town_hall, grunt_orc_community_big_house_2,
          grunt_orc_community_big_house_1, grunt_orc_community_house_1,
          grunt_orc_community_house_1, grunt_orc_community_house_1,
          grunt_orc_community_house_2, serial_shops, shop
Sewer:    sewer_co_cracked_pipes
IceCv:    ice_cave_caverns_03

Table legend:
 A = Turns spent in this place as a percentage of turns spent in the entire game.
 B = Non-inter-level travel turns spent in this place as a percentage of non-inter-level travel turns spent in the entire game.
 C = Inter-level travel turns spent in this place as a percentage of turns spent in this place.
 D = Turns resting spent in this place as a percentage of non-inter-level travel turns spent in this place.
 E = Turns spent auto-exploring this place as a percentage of non-inter-level travel turns spent in this place.
 F = Non-inter-level travel turns spent in this place divided by the number of levels of this place that you've seen.
                   A       B       C       D       E      F
               +-------+-------+-------+-------+-------+----------------------
         Total | 100.0 | 100.0 |   4.0 |  22.0 |  54.6 | 946.7
       Dungeon |  44.4 |  44.0 |   4.8 |  18.6 |  59.3 | 833.6
          Lair |  25.3 |  24.9 |   5.4 |  13.7 |  63.8 | 1100.7
        Shoals |  14.6 |  14.9 |   2.1 |  25.2 |  44.4 | 989.8
  Orcish Mines |   7.2 |   7.2 |   3.4 |  19.9 |  52.2 | 958.0
         Sewer |   1.2 |   1.2 |   0.0 |   0.0 |  66.2 | 331.0
      Ice Cave |   7.3 |   7.6 |   0.0 |  67.6 |  18.5 | 2027.0
               +-------+-------+-------+-------+-------+----------------------

Table legend:
 A = Kills in this place as a percentage of kills in entire the game.
 B = Kills by you in this place as a percentage of kills by you in the entire game.
 C = Kills by friends in this place as a percentage of kills by friends in the entire game.
 D = Other kills in this place as a percentage of other kills in the entire game.
 E = Experience gained in this place as a percentage of experience gained in the entire game.
 F = Experience gained in this place divided by the number of levels of this place that you have seen.
                   A       B       C       D       E      F
               +-------+-------+-------+-------+-------+----------------------
         Total | 100.0 | 100.0 |   N/A | 100.0 | 100.0 | 8129.1
       Dungeon |  44.6 |  44.5 |   N/A |  66.7 |  29.2 | 4754.6
          Lair |  21.9 |  21.9 |   N/A |   0.0 |  28.1 | 10658.5
        Shoals |  13.1 |  13.1 |   N/A |   0.0 |  31.6 | 17974.8
  Orcish Mines |  13.2 |  13.1 |   N/A |  33.3 |   6.6 | 7551.5
         Sewer |   2.0 |   2.0 |   N/A |   0.0 |   0.0 |  46.0
      Ice Cave |   5.2 |   5.3 |   N/A |   0.0 |   4.4 | 10050.0
               +-------+-------+-------+-------+-------+----------------------
